 Dungeon Crawl Stone Soup version 0.31.0-32-g396128a36d (webtiles) character file.

Game seed: 5984281103452383235

77 NotreDorf the Grave Robber (level 4, -6/33 HPs)
             Began as a Mummy Necromancer on Mar 19, 2024.
             Mangled by Grinder (9 damage)
             ... on level 3 of the Dungeon.
             The game lasted 00:16:23 (1877 turns).

NotreDorf the Grave Robber (Mummy Necromancer)      Turns: 1877, Time: 00:16:24

Health: -6/33      AC:  2    Str: 11    XL:     4   Next: 13%
Magic:  4/9        EV: 12    Int: 16    God:
Gold:   94         SH:  0    Dex: 12    Spells: 5/10 levels left

rFire   x . .        b - staff of alchemy
rCold   + . .        (no shield)
rNeg    + + +        a - +0 robe
rPois   ∞            (no helmet)
rElec   .            (no cloak)
rCorr   .            (no gloves)
SInv    .            (no boots)
Will    .....        (no amulet)
Stlth   ++           (no ring)
HPRegen 0.25/turn    (no ring)
MPRegen 0.11/turn

%: faith
@: very slightly contaminated
A: cold resistance 1, negative energy resistance 3, torment resistance 2, heat
vulnerability 1, in touch with death 1, no potions, faith
a: no special abilities


You were on level 3 of the Dungeon.
You visited 1 branch of the dungeon, and saw 3 of its levels.

You collected 94 gold pieces.

Inventory:

Armour
 a - a +0 robe (worn)
Magical Staves
 b - a staff of alchemy (weapon)
Jewellery
 h - a +5 ring of evasion
Scrolls
 c - a scroll of enchant armour {unknown}
 d - 2 scrolls of fear {unknown}
 e - a scroll of enchant weapon {unknown}
 f - a scroll of noise {unknown}
 g - a scroll of poison {unknown}
 i - 2 scrolls of amnesia {unknown}


   Skills:
 + Level 2.1 Fighting
 - Level 1.5 Dodging
 - Level 1.5 Stealth
 + Level 3.7 Spellcasting
 + Level 4.6 Necromancy


You had 5 spell levels left.
You knew the following spells:

 Your Spells              Type           Power      Damage    Failure   Level
a - Necrotise             Necr           100%       1d9       2%          1
b - Vampiric Draining     Necr           26%        2d7       8%          3
c - Summon Small Mammal   Summ           12%        N/A       17%         1

Your spell library contained the following spells:

 Spells                   Type           Power      Damage    Failure   Level
 Animate Dead             Necr           26%        N/A       26%         4
 Call Canine Familiar     Summ           3%         N/A       45%         3
 Curse of Agony           Necr           26%        N/A       58%         5
 Summon Blazeheart Golem  Fire/Summ      3%         N/A       86%         4


Dungeon Overview and Level Annotations

Branches:
Dungeon (3/15)

Altars:

Annotations:
D:3 Grinder


Innate Abilities, Weirdness & Mutations

You are immune to poison.
Your flesh is cold resistant. (rC+)
You are immune to negative energy. (rN+++)
You are immune to unholy pain and torment.
You are vulnerable to heat. (rF-)
You are in touch with the powers of death.
You do not drink.
You have a special connection with the divine. (Faith)


Message History

Confirm with . or Enter, or press ? or * to list all spells.
Your bat hits Grinder but does no damage.
Grinder gestures at you.
Your rat skeleton suddenly stops moving!
Grinder says, "Just stop there for a second..."
Grinder closely misses your bat.
Your bat barely misses Grinder.
Your bat barely misses Grinder.
Your rat barely misses Grinder.
You swap places.
Your bat hits Grinder but does no damage.
Grinder hits your rat!
Your rat dies!
Your rat's corpse disappears in a puff of smoke!
Casting: Summon Small Mammal (safe; 17% risk of failure)
Confirm with . or Enter, or press ? or * to list all spells.
Your rat skeleton crumbles into dust!
Your bat barely misses Grinder.
Grinder says, "Just stop there for a second..."
You barely miss Grinder.
Grinder is heavily wounded.
Your bat hits Grinder but does no damage.
Grinder misses you.
Your rat bites Grinder.
Grinder hits you!
* * * LOW HITPOINT WARNING * * *
Casting: Summon Small Mammal (safe; 17% risk of failure)
Confirm with . or Enter, or press ? or * to list all spells.
You miscast Summon Small Mammal.
You are very lightly contaminated with residual magic.
Nothing appears to happen.
Your rat bites Grinder but does no damage.
Grinder barely misses you.
Your bat misses Grinder. Grinder hits your rat!
Your rat dies!
Your rat's corpse disappears in a puff of smoke!
Casting: Summon Small Mammal (safe; 17% risk of failure)
Confirm with . or Enter, or press ? or * to list all spells.
You miscast Summon Small Mammal.
Nothing appears to happen.
Your bat barely misses Grinder.
Your bat barely misses Grinder.
Grinder attacks as she pursues you! Grinder hits you!
You die...
Grinder says, "Now the real fun starts!"

#.##.##.#
#.......# .
####.####...
#.......#
##..####.#
#...###
#.#...#
#.5b#.#
###@#.#
#......#
....####
#.#### #. #.
.. ..


You could see Grinder (ally target) and a friendly bat (summoned).

Vanquished Creatures
  2 ribbon worms (D:2)
  9 ball pythons
  6 endoplasms
  A giant cockroach (D:2)
  4 hobgoblins
  10 jackals
  2 quokkas
  3 bats
  3 frilled lizards
  7 goblins
  8 kobolds
  4 rats
59 creatures vanquished.

Vanquished Creatures (collateral kills)
  A dart slug (D:2)
  An endoplasm (D:1)
  A jackal (D:1)
  A quokka (D:2)
  A ball python (D:1)
  A kobold (D:2)
6 creatures vanquished.

Grand Total: 65 creatures vanquished

Notes
Turn   | Place    | Note
-------+----------+-------------------------------------------
     0 | D:1      | NotreDorf the Mummy Necromancer began the quest for the
                  | Orb.
     0 | D:1      | Reached XP level 1. HP: 13/13 MP: 4/4
    65 | D:1      | Reached XP level 2. HP: 6/20 MP: 0/6
   220 | D:1      | Reached skill level 1 in Fighting
   247 | D:1      | HP: 1/21 [kobold/+0 short sword (3)]
   394 | D:1      | Reached XP level 3. HP: 26/26 MP: 2/7
   874 | D:1      | Learned a level 3 spell: Vampiric Draining
  1329 | D:2      | Reached XP level 4. HP: 33/33 MP: 6/9
  1390 | D:2      | Found a faded altar of an unknown god.
  1645 | D:2      | Learned a level 1 spell: Summon Small Mammal
  1844 | D:3      | Noticed Grinder
  1877 | D:3      | Mangled by Grinder

Illustrated notes

Levels and vault maps discovered:
D:1:      dpeg_arrival_lava_altar, layout_rooms, serial_corexii_hall,
          corexii_hall_statues_l, chequers_hall_statues_corner_a,
          corexii_hall_statues_t, corexii_hall_statues_i, minmay_tripent
D:2:      layout_rooms, shapermc_ecumenical_altar_mp_vishouse
D:3:      layout_loops_cross, nicolae_houndstooth_variations, uniq_grinder

Skill      XL: |  1  2  3 |
---------------+----------+-----
Spellcasting   | 3 |  3.7
Fighting       | 1 2 |  2.1
Dodging        | |  1.5
Stealth        | |  1.5
Necromancy     | |  4.6

Action                     |  1- 3 |  4- 6 || total
---------------------------+-------+-------++-------
  Melee: Staff             |    50 |    11 ||    61
         Punch             |     2 |       ||     2
   Cast: Necrotise         |    80 |    12 ||    92
         Summon Small Mamm |       |     5 ||     5
 Armour: Robe              |    45 |    11 ||    56
  Dodge: Dodged            |    45 |     7 ||    52
